 Dungeon Crawl Stone Soup version 0.18-a0-918-g58938db (webtiles) character file.

285601 Enish the Severer (level 21, 0/153 HPs)
             Began as a Human Wanderer on Dec 26, 2015.
             Was a Believer of Ashenzari.
             Slain by a frost giant
             ... wielding a +0 battleaxe of freezing
             ... created by the fury of Okawaru
              (22 damage)
             ... on level 1 of the Vaults on Dec 27, 2015.
             The game lasted 04:39:14 (51085 turns).

Enish the Severer (Human Wanderer)                 Turns: 51085, Time: 04:39:14

Health: 0/153      AC: 35    Str:  6 (16) XL:     21   Next: 93%
Magic:  18/30      EV: 26    Int: 13 (14) God:    Ashenzari [**....]
Gold:   4224       SH:  0    Dex: 25      Spells: 6 memorised, 19 levels left

rFire  + + +     SeeInvis .     B - +10 executioner's axe "Niveaw" {chop, Fragile rPois rF+++} (curse)
rCold  . . .     Gourm    .     Q - +7 swamp dragon armour (curse)
rNeg   . . .     Faith    .     (shield currently unavailable)
rPois  +         Spirit   .     E - +2 helmet of Indomitability {+Blink Regen+ Stlth+} (curse)
rElec  .         Dismiss  +     t - +2 cloak (curse)
rCorr  .         Reflect  .     q - +2 pair of gloves (curse)
SustAt .         Harm     .     d - +2 pair of boots of the Assassin {DetectMon Stab+ Stlth++} (curse)
MR     +....                    a - amulet of dismissal (curse)
Stlth  ++++++++..               i - +4 ring of dexterity (curse)
                                L - ring of the Octopus King {AC+1 EV+1 Str+1 Int+1 Dex+1 Stlth+} (curse)

@: lethally poisoned (0 -> 0), very slightly contaminated, regenerating, hasted,
very quick, somewhat resistant to hostile enchantments, extraordinarily stealthy
A: claws 1, deterioration 1, shaggy fur 1
a: Scrying, Renounce Religion, Evoke Blink
}: 1/15 runes: abyssal


You were on level 1 of the Vaults.
You worshipped Ashenzari.
Ashenzari was pleased with you.
You were very hungry.

You visited 8 branches of the dungeon, and saw 39 of its levels.
You visited the Abyss 1 time.
You also visited: Labyrinth and Bailey.

You collected 6025 gold pieces.
You spent 1801 gold pieces at shops.

Inventory:

Hand Weapons
 B - the cursed +10 executioner's axe "Niveaw" (weapon) {chop, Fragile rPois rF+++}
   (Okawaru gifted it to you on level 3 of the Lair of Beasts)

   It inflicts extra damage upon your enemies.
   It renders you almost immune to fire.
   It protects you from poison.
   It will be destroyed if unequipped.
   It has a curse placed upon it.
Missiles
 l - 11 javelins (quivered)
 v - 64 tomahawks
 V - 48 tomahawks of returning
Armour
 d - the cursed +2 pair of boots of the Assassin (worn) {DetectMon Stab+ Stlth++}
   (You acquired it on level 14 of the Dungeon)

   It makes you much more stealthy.
   It has a curse placed upon it.
 q - a cursed +2 pair of gloves (worn)
 t - a cursed +2 cloak (worn)
 E - the cursed +2 helmet of Indomitability (worn) {+Blink Regen+ Stlth+}
   (You bought it in a shop on level 2 of the Orcish Mines)

   It lets you blink.
   It increases your rate of regeneration.
   It makes you more stealthy.
   It has a curse placed upon it.
 G - a +2 crystal plate armour
 Q - a cursed +7 swamp dragon armour (worn)
Jewellery
 a - a cursed amulet of dismissal (around neck)
 i - a cursed +4 ring of dexterity (right hand)
 A - an uncursed ring of protection from cold
 L - a cursed ring of the Octopus King (left hand) {AC+1 EV+1 Str+1 Int+1 Dex+1 Stlth+}
   (You found it in a labyrinth)

   [ring of stealth]

   It affects your AC (+1).
   It affects your evasion (+1).
   It affects your strength (+1).
   It affects your intelligence (+1).
   It affects your dexterity (+1).
   It makes you more stealthy.
   It has a curse placed upon it.
 R - an uncursed ring of flight
Wands
 u - a wand of cold (0/15)
 F - a wand of hasting (5/9)
 H - a wand of frost (17/48)
Scrolls
 n - 3 scrolls of recharging
 z - 3 scrolls of holy word
 D - 7 scrolls of remove curse
 K - 2 scrolls of fog
 N - 8 scrolls of curse jewellery
 W - a scroll of magic mapping
 X - 8 scrolls of curse armour
 Z - 4 scrolls of identify
Potions
 c - 4 potions of cancellation
 g - 3 potions of magic
 h - 3 potions of flight
 m - 2 potions of resistance
Books
 e - a book of Conjurations

   Spells                             Type                      Level
   a - Magic Dart                     Conjuration                  1
   b - Searing Ray                    Conjuration                  2
   c - Dazzling Spray                 Conjuration/Hexes            3
   d - Fulminant Prism                Conjuration/Hexes            4
   e - Iskenderun's Mystic Blast      Conjuration                  4
   f - Iskenderun's Battlesphere      Conjuration/Charms           5
 k - a book of Fire

   Spells                             Type                      Level
   a - Ignite Poison                  Fire/Transmutation/Poison    3
   b - Fireball                       Conjuration/Fire             5
   c - Bolt of Fire                   Conjuration/Fire             6
   d - Delayed Fireball               Conjuration/Fire             7
   e - Ring of Flames                 Charms/Fire                  7
 o - a book of Annihilations

   Spells                             Type                      Level
   a - Poison Arrow                   Conjuration/Poison           6
   b - Chain Lightning                Conjuration/Air              8
   c - Lehudib's Crystal Spear        Conjuration/Earth            8
   d - Glaciate                       Conjuration/Ice              9
   e - Fire Storm                     Conjuration/Fire             9
 p - a book of Ice

   Spells                             Type                      Level
   a - Ice Form                       Ice/Transmutation            4
   b - Metabolic Englaciation         Hexes/Ice                    5
   c - Ozocubu's Refrigeration        Ice                          6
   d - Bolt of Cold                   Conjuration/Ice              6
   e - Freezing Cloud                 Conjuration/Ice/Air          6
   f - Simulacrum                     Ice/Necromancy               6
 r - a book of Minor Magic

   Spells                             Type                      Level
   a - Magic Dart                     Conjuration                  1
   b - Blink                          Translocation                2
   c - Call Imp                       Summoning                    2
   d - Repel Missiles                 Charms/Air                   2
   e - Slow                           Hexes                        2
   f - Conjure Flame                  Conjuration/Fire             3
   g - Mephitic Cloud                 Conjuration/Poison/Air       3
 s - a book of Enchantments

   Spells                             Type                      Level
   a - Cause Fear                     Hexes                        4
   b - Yara's Violent Unravelling     Hexes/Transmutation          5
   c - Silence                        Hexes/Air                    5
   d - Deflect Missiles               Charms/Air                   6
   e - Haste                          Charms                       6
   f - Discord                        Hexes                        8
 M - a book of Cantrips

   Spells                             Type                      Level
   a - Corona                         Hexes                        1
   b - Animate Skeleton               Necromancy                   1
   c - Summon Small Mammal            Summoning                    1
   d - Apportation                    Translocation                1
 O - a book of the Warp

   Spells                             Type                      Level
   a - Recall                         Summoning/Translocation      3
   b - Gell's Gravitas                Hexes/Translocation          3
   c - Force Lance                    Conjuration/Translocation    4
   d - Phase Shift                    Translocation                5
   e - Warp Weapon                    Charms/Translocation         5
   f - Summon Forest                  Summoning/Translocation      5
 P - a book of Flames

   Spells                             Type                      Level
   a - Flame Tongue                   Conjuration/Fire             1
   b - Throw Flame                    Conjuration/Fire             2
   c - Conjure Flame                  Conjuration/Fire             3
   d - Inner Flame                    Hexes/Fire                   3
   e - Sticky Flame                   Conjuration/Fire             4
   f - Fireball                       Conjuration/Fire             5
 T - a book of Power

   Spells                             Type                      Level
   a - Fulminant Prism                Conjuration/Hexes            4
   b - Iskenderun's Mystic Blast      Conjuration                  4
   c - Venom Bolt                     Conjuration/Poison           5
   d - Bolt of Magma                  Conjuration/Fire/Earth       5
   e - Iron Shot                      Conjuration/Earth            6
   f - Orb of Destruction             Conjuration                  7
   g - Spellforged Servitor           Conjuration/Summoning        7
 Y - a book of Spatial Translocations

   Spells                             Type                      Level
   a - Apportation                    Translocation                1
   b - Blink                          Translocation                2
   c - Shroud of Golubria             Charms/Translocation         2
   d - Portal Projectile              Translocation                3
   e - Teleport Other                 Translocation                3
   f - Passage of Golubria            Translocation                4
Miscellaneous
 b - a fan of gales (inert)
 w - a phial of floods (inert)
Comestibles
 f - 16 bread rations
 j - 7 meat rations
 I - 6 royal jellies


   Skills:
 - Level 10.0 Fighting
   Level 1.0 Short Blades
 - Level 19.7(22.4) Axes
   Level 9.0(15.5) Polearms
 - Level 3.0 Throwing
 - Level 13.7(15.6) Armour
 - Level 17.4(19.2) Dodging
 - Level 8.0 Stealth
   Level 1.5 Shields
 - Level 6.0 Spellcasting
 * Level 11.8(13.8) Charms
 - Level 7.0(9.3) Necromancy
   Level 0.2 Invocations
 - Level 5.1(7.3) Evocations


You had 19 spell levels left.
You knew the following spells:

 Your Spells              Type           Power        Failure   Level  Hunger
a - Repel Missiles        Chrm/Air       ###...       3%          2    ##.....
b - Mephitic Cloud        Conj/Pois/Air  #.......     94%         3    ###....
c - Song of Sleighing     Chrm           #####...     1%          2    ##.....
d - Regeneration          Chrm/Necr      ####......   1%          3    ###....
e - Summon Butterflies    Summ           #.......     38%         1    None
f - Shroud of Golubria    Chrm/Tloc      ###.......   3%          2    ##.....


Dungeon Overview and Level Annotations

Branches:
Dungeon (15/15)            Temple (0/1) D:7            Lair (8/8) D:8
  Swamp (4/4) Lair:3        Snake (4/4) Lair:4        Slime (0/6) Lair:7
    Orc (2/2) D:10            Elf (3/3) Orc:2        Vaults (2/5) D:14
  Crypt (0/3) Vaults:2     Depths (1/5) D:15

Altars:
Ashenzari
Gozag
Makhleb
Okawaru
Ru
Sif Muna
Vehumet
Xom
Yredelemnul
Zin
Beogh
Jiyva

Shops:
D:7 *   D:9 :   Orc:1 }   Orc:2 *%[?   Snake:3 }   Vaults:1 (((

Annotations:
Lair:3 Harold
Lair:5 exclusion: downstairs
Lair:7 1 runed door
Swamp:2 exclusion: Roxanne, Roxanne
Vaults:1 exclusion: door


Innate Abilities, Weirdness & Mutations

You have sharp fingernails.
Your body sometimes deteriorates upon taking damage.
You are covered in fur (AC +1).


Message History

You feel slightly more hungry.
You feel sick.
The merfolk hits you but does no damage.
The merfolk closely misses you.
The merfolk javelineer closely misses you.
The merfolk barely misses you.
The yaktaur unwields an uncursed arbalest.
The yaktaur barely misses you. The titan hits you!!
* * * LOW HITPOINT WARNING * * *
Unknown command.
You blink.
You feel slightly more hungry.
The frost giant gestures at you while chanting.
The bolt of cold misses you. The merfolk javelineer misses you.
The merfolk throws a tomahawk of returning.
The tomahawk of returning completely misses you.
The weapon returns to the merfolk!
Unknown command.
You blink.
You are feeling very hungry.
The frost giant hits you with a battleaxe of freezing!!
You die...

#......#
#......#
#......#
#......#
##########
####......#
#§.......#
..##......#
#...(....#
...'......#
#.#m#m...#
..##......#
#mCmCm...#
####......#
#.@#)§c..#
########
#..#≈C#..#
#..#≈≈≈..#
####
#.≈≈≈≈...#
..*####
#.#≈#≈...#
......#
#........#
(e....#
#..#.(...#
#''#..####
#..#))#.(#
#..#..#..#
#..#()...#


You could see 2 frost giants, a merfolk javelineer and 4 merfolk.

Vanquished Creatures
  Saint Roka (Vaults:2)
  5 liches (Abyss:4)
  5 titans
  A tentacled starspawn (Abyss:4)
  2 thorn hunters
  A greater naga (Snake:2)
  4 fire giants
  3 frost giants
  Maud (Lair:6)
  4 orc warlords
  6 vault wardens
  Donald (Swamp:4)
  A deep elf sorcerer (Elf:1)
  2 very ugly things
  5 ironheart preservers (Vaults:1)
  2 salamander stormcallers
  A deep elf demonologist (Elf:1)
  5 stone giants
  2 mottled draconians (D:15)
  2 deep elf annihilators (Elf:2)
  2 merfolk javelineers
  An ettin (Vaults:1)
  3 minotaurs
  A merfolk impaler (D:14)
  3 yaktaur captains
  A great orb of eyes (Vaults:2)
  3 fire dragons
  Fannar (D:10)
  Erolcha (D:11)
  7 ogre magi
  14 hydras
  2 ghost crabs (Swamp:4)
  7 naga warriors
  An ice dragon (Lair:7)
  The ghost of Proton the Blocker, a journeyman FoFi of Okawaru (D:9)
  A catoblepas (D:15)
  5 centaur warriors
  Erica (D:11)
  3 anacondas (Snake:2)
  17 dancing weapons
  13 death yaks
  A queen ant (Lair:4)
  7 alligators
  5 orc high priests (Orc:2)
  4 shock serpents
  5 tengu warriors
  Urug (Lair:2)
  A deep troll earth mage (D:15)
  6 naga sharpshooters
  18 deep elf knights
  A fire crab (Vaults:2)
  4 salamander mystics
  4 unseen horrors
  An iron troll (D:14)
  5 sea snakes (Snake:2)
  4 hill giants
  2 necromancers
  A spectral hydra (Swamp:4)
  7 deep trolls
  5 swamp dragons
  A flayed ghost (Vaults:2)
  18 deep elf archers
  A shambling mangrove (Swamp:4)
  3 naga ritualists
  2 wolf spiders (Vaults:1)
  5 ironbrand convokers
  5 mana vipers
  4 griffons
  72 deep elf magi
  4 manticores
  14 salamanders
  5 orc sorcerers
  A faun (Lair:3)
  27 ugly things
  A worldbinder (Abyss:4)
  6 cyclopes
  19 naga magi
  7 orc knights
  An apocalypse crab (Abyss:4)
  9 elephants
  5 vault sentinels (Vaults:1)
  26 spiny frogs
  2 gargoyles
  7 guardian serpents
  27 black mambas
  3 kobold demonologists
  2 swamp worm zombies (Swamp:4)
  13 komodo dragons
  A storm dragon simulacrum (Vaults:1)
  11 trolls
  19 yaktaurs
  5 fire drakes
  An ancient zyme (Abyss:4)
  2 hydra zombies (Swamp:4)
  4 tengu conjurers
  12 merfolk
  2 spriggan druids (Lair:8)
  3 freezing wraiths
  34 blink frogs
  A queen bee (D:8)
  13 polar bears
  A blink frog (shapeshifter) (Vaults:2)
  A hornet zombie (D:14)
  A spectral swamp dragon (Swamp:4)
  21 slime creatures
  3 alligator zombies (Swamp:4)
  4 raiju (Abyss:4)
  3 shadows
  21 two-headed ogres
  13 bog bodies
  3 fire elementals
  A ynoxinul (Abyss:4)
  6 redbacks
  22 spriggans
  6 wyverns
  2 tarantellas (D:15)
  46 yaks
  A tarantella (shapeshifter) (D:10)
  A water elemental (D:11)
  11 basilisks
  3 trapdoor spiders
  The ghost of xsansara the Grave Robber, an amateur DDNe (D:3)
  4 wargs
  19 hippogriffs
  A hippogriff (shapeshifter) (Abyss:4)
  32 swamp worms
  21 vampire mosquitoes
  14 insubstantial wisps
  18 wolves
  6 hungry ghosts
  3 mottled dragons (Vaults:2)
  25 water moccasins
  A mottled dragon (shapeshifter) (Vaults:2)
  20 soldier ants (Lair:4)
  7 sky beasts
  A hell hound (Lair:7)
  17 porcupines
  37 nagas
  8 black bears
  Duvessa (D:5)
  12 swamp drakes
  2 eyes of draining (D:15)
  6 ice beasts
  5 phantoms
  A large abomination (Abyss:4)
  61 orc warriors
  3 swamp dragon zombies (Swamp:4)
  21 wasps
  58 ogres
  A necrophage (D:14)
  3 boggarts (Vaults:2)
  14 big kobolds
  16 crocodiles
  13 centaurs
  4 gnoll sergeants
  The ghost of dannycarnage the Caller, an amateur FeSu of Sif Muna (D:5)
  Dowan (D:5)
  A glowing shapeshifter simulacrum (Depths:1)
  A human simulacrum (Depths:1)
  26 giant frogs
  An orc simulacrum (Vaults:1)
  3 scorpions
  4 earth elementals
  32 killer bees
  4 centaur zombies
  7 electric eels
  A lava snake (D:11)
  2 giant frog zombies
  14 crimson imps
  A wasp zombie (D:14)
  27 wights
  39 orc priests
  A gnoll shaman (D:6)
  3 hounds
  A fire crab simulacrum (Vaults:1)
  8 jellies
  20 orc wizards
  5 centaur skeletons
  3 giant frog skeletons
  28 worker ants
  2 yak simulacra (Lair:8)
  5 iguanas
  2 polar bear simulacra (Lair:8)
  3 wolf simulacra (Lair:8)
  9 sheep
  13 adders
  14 gnolls
  5 shadow imps
  2 swamp drake zombies (Swamp:4)
  45 river rats
  An ooze (D:3)
  2 adder zombies (D:9)
  12 worms
  5 giant geckos
  159 orcs
  9 giant cockroaches
  2 gnoll zombies (D:5)
  8 goblins
  7 hobgoblins
  4 quokkas
  6 ball pythons
  7 bats
  7 giant newts
  12 jackals
  35 kobolds
  10 rats
  4 river rat simulacra (Lair:8)
  A bush (D:1)
  2 butterflies
  10 fungi
  8 plants
  A starspawn tentacle (Abyss:4)
1894 creatures vanquished.

Vanquished Creatures (collateral kills)
  A yaktaur (Vaults:1)
  2 spriggans
  A wasp (Swamp:2)
  An orc (Vaults:1)
5 creatures vanquished.

Vanquished Creatures (others)
  A deep elf master archer (D:15)
  A black draconian (Vaults:1)
  An ogre mage (Vaults:1)
  A deep elf mage (Elf:1)
  A black mamba (Snake:2)
  A vault sentinel (Vaults:1)
  A guardian serpent (Abyss:4)
  An alligator zombie (Swamp:4)
  A spriggan (Swamp:4)
  A naga (Snake:4)
  A large abomination (Abyss:4)
  A swamp worm (Swamp:4)
  A swamp drake (Swamp:3)
  2 ogres (Vaults:1)
  2 orcs
  2 briar patches (Swamp:2)
  45 fungi
  A lurking horror (Abyss:4)
  34 plants
  A starspawn tentacle (Abyss:4)
  21 starspawn tentacle segments (Abyss:4)
121 creatures vanquished.

Grand Total: 2020 creatures vanquished

Notes
Turn   | Place    | Note
--------------------------------------------------------------
     0 | D:1      | Enish the Human Wanderer began the quest for the Orb.
     0 | D:1      | Enish set off with: a +2 spear, a scroll of teleportation, a +0 short sword, a +0 robe, a +0 dagger, a bread ration
     0 | D:1      | Reached XP level 1. HP: 16/16 MP: 1/1
   220 | D:1      | Reached XP level 2. HP: 22/22 MP: 2/2
   817 | D:2      | Reached XP level 3. HP: 27/27 MP: 3/3
  1214 | D:2      | Reached skill level 4 in Polearms
  1214 | D:2      | Reached XP level 4. HP: 30/33 MP: 4/4
  1754 | D:3      | Reached XP level 5. HP: 38/38 MP: 5/5
  1807 | D:3      | Found a faded altar to an unknown god.
  1917 | D:3      | Became a worshipper of Warmaster Okawaru
  1917 | D:3      | Reached * piety under Okawaru
  1975 | D:3      | Noticed xsansara's ghost (amateur DDNe)
  2006 | D:3      | Killed xsansara's ghost
  2006 | D:3      | Reached skill level 6 in Polearms
  2006 | D:3      | Reached XP level 6. HP: 26/44 MP: 4/6
  2795 | D:4      | Reached ** piety under Okawaru
  2795 | D:4      | Reached skill level 7 in Polearms
  2795 | D:4      | Reached XP level 7. HP: 39/50 MP: 7/7
  3547 | D:4      | HP: 1/50 [ogre/giant club (34)]
  3973 | D:5      | Entered Level 5 of the Dungeon
  4032 | D:4      | Reached skill level 8 in Polearms
  4070 | D:5      | Noticed Duvessa
  4090 | D:5      | Killed Duvessa
  4090 | D:5      | Reached XP level 8. HP: 42/56 MP: 5/8
  4102 | D:5      | Noticed Dowan
  4176 | D:5      | Killed Dowan
  4339 | D:5      | Reached skill level 5 in Dodging
  4383 | D:5      | Noticed dannycarnage's ghost (amateur FeSu)
  4781 | D:6      | Reached XP level 9. HP: 59/66 MP: 9/9
  4873 | D:6      | Reached skill level 5 in Fighting
  5068 | D:6      | Reached skill level 1 in Armour
  6032 | D:5      | Found a basalt altar of Yredelemnul.
  6152 | D:5      | Found a shimmering altar of Xom.
  6474 | D:5      | Killed dannycarnage's ghost
  6474 | D:5      | Reached skill level 1 in Shields
  6801 | D:7      | Found Wouj's General Store.
  6836 | D:7      | Bought a scroll of identify for 28 gold pieces
  6836 | D:7      | Bought a potion of curing for 42 gold pieces
  6836 | D:7      | Bought a scroll of teleportation for 42 gold pieces
  6836 | D:7      | Bought a potion of curing for 42 gold pieces
  6836 | D:7      | Bought a scroll of teleportation for 42 gold pieces
  6836 | D:7      | Bought a scroll of identify for 28 gold pieces
  6891 | D:7      | Reached skill level 9 in Polearms
  6931 | D:7      | Found a shattered altar of Ashenzari.
  6931 | D:7      | Found a glowing silver altar of Zin.
  6935 | D:7      | Found an opulent altar of Gozag.
  6935 | D:7      | Found a sacrificial altar of Ru.
  6935 | D:7      | Found a radiant altar of Vehumet.
  6990 | D:7      | Reached *** piety under Okawaru
  6990 | D:7      | Reached XP level 10. HP: 56/74 MP: 10/10
  7318 | D:7      | Found a staircase to the Ecumenical Temple.
  7419 | D:8      | Reached skill level 10 in Dodging
  7755 | D:8      | Found a staircase to the Lair.
  7837 | D:8      | Found a deep blue altar of Sif Muna.
  8220 | D:8      | Reached skill level 11 in Dodging
  8452 | D:8      | Reached **** piety under Okawaru
  9062 | D:8      | Reached XP level 11. HP: 79/79 MP: 11/11
  9070 | D:8      | Reached skill level 12 in Dodging
  9114 | Lair:1   | Entered Level 1 of the Lair of Beasts
 10518 | Lair:2   | Reached skill level 13 in Dodging
 10557 | Lair:2   | Noticed Urug
 10603 | Lair:2   | Killed Urug
 10809 | Lair:2   | Noticed a six-headed hydra
 11011 | D:9      | Found Kosowikh's Book Boutique.
 11164 | D:9      | Noticed a deep elf mage
 11184 | D:9      | Killed a deep elf mage
 11192 | D:9      | Reached skill level 14 in Dodging
 11277 | D:9      | Found a roughly hewn altar of Beogh.
 11798 | D:9      | Reached ***** piety under Okawaru
 11825 | D:9      | Noticed Proton's ghost (journeyman FoFi)
 11881 | D:9      | Killed Proton's ghost
 12065 | D:10     | Entered Level 10 of the Dungeon
 12087 | D:10     | Reached XP level 12. HP: 89/91 MP: 10/12
 12106 | D:10     | Noticed Fannar
 12144 | D:10     | Found a sacrificial altar of Ru.
 12269 | D:10     | Found a staircase to the Orcish Mines.
 13093 | Lair:2   | Noticed a seven-headed hydra
 13122 | Lair:2   | Gained mutation: You are robust (+10% HP). [potion of beneficial mutation]
 13125 | Lair:2   | Lost mutation: You are robust (+10% HP). [potion of cure mutation]
 13137 | Lair:2   | Killed a seven-headed hydra
 13822 | Lair:1   | Reached skill level 15 in Dodging
 13963 | Lair:3   | Noticed Harold
 14392 | Lair:3   | Received a gift from Okawaru
 14437 | Lair:3   | Got a pitted executioner's axe {god gift}
 14445 | Lair:3   | Identified the +10 executioner's axe "Niveaw" {chop, Fragile rPois rF+++} (Okawaru gifted it to you on level 3 of the Lair of Beasts)
 14483 | Lair:3   | Reached skill level 1 in Axes
 14767 | Lair:3   | Found a staircase to the Swamp.
 15056 | Lair:4   | Found a staircase to the Snake Pit.
 15199 | Lair:4   | Reached XP level 13. HP: 88/98 MP: 13/13
 15222 | Lair:4   | Reached skill level 5 in Axes
 15228 | Lair:4   | Received a gift from Okawaru
 17203 | Lair:6   | Received a gift from Okawaru
 17622 | Lair:4   | Reached skill level 10 in Axes
 17954 | D:10     | Killed Fannar
 18352 | D:10     | Reached XP level 14. HP: 87/105 MP: 14/14
 18498 | D:10     | Received a gift from Okawaru
 18508 | D:10     | Got a polished longbow {god gift}
 18509 | D:10     | Identified the +3 longbow of the Vestibule of Hell {venom, rC+ MP+9 Int+2 Dex+4} (Okawaru gifted it to you on level 10 of the Dungeon)
 18535 | Orc:1    | Entered Level 1 of the Orcish Mines
 18554 | Orc:1    | Found Soxyfel's Gadget Shop.
 18579 | Orc:1    | Found a flagged portal.
 18588 | Bailey   | Entered a bailey
 19511 | Orc:1    | Found a roughly hewn altar of Beogh.
 19635 | Orc:1    | Found a roughly hewn altar of Beogh.
 19965 | Orc:2    | Entered Level 2 of the Orcish Mines
 20535 | Orc:2    | Found a staircase to the Elven Halls.
 20638 | Orc:2    | Reached ****** piety under Okawaru
 20699 | Orc:2    | Received a gift from Okawaru
 20750 | Orc:2    | Found Wus Quz's Magic Scroll Shoppe.
 20773 | Orc:2    | Bought a scroll of identify for 36 gold pieces
 20917 | Orc:2    | Noticed an orc warlord
 20935 | Orc:2    | Killed an orc warlord
 21254 | Orc:2    | Found a roughly hewn altar of Beogh.
 21352 | Orc:2    | Found Buewk's Antique Armour Emporium.
 21369 | Orc:2    | Bought a spiked helmet for 275 gold pieces
 21379 | Orc:2    | Identified the +2 helmet of Indomitability {+Blink Regen+ Stlth+} (You bought it in a shop on level 2 of the Orcish Mines)
 21445 | Orc:2    | Bought a scroll of recharging for 171 gold pieces
 21691 | Orc:2    | Found a roughly hewn altar of Beogh.
 21692 | Orc:2    | Found Riba Gai's General Store.
 21702 | Orc:2    | Found Bahej's Food Shoppe.
 21711 | Orc:2    | Reached skill level 1 in Evocations
 21736 | Orc:2    | Bought a scroll of acquirement for 624 gold pieces
 21778 | Orc:2    | Bought the +2 leather armour of the World {+Inv rElec Str+3} for 471 gold pieces
 22145 | D:11     | Received a gift from Okawaru
 22149 | D:11     | Got an ichor-stained bardiche {god gift}
 22150 | D:11     | Identified the +6 bardiche "Ilegripp" {distort, rPois rC- MR+ Dex+4} (Okawaru gifted it to you on level 11 of the Dungeon)
 22187 | D:11     | Learned a level 2 spell: Repel Missiles
 22191 | D:11     | Learned a level 3 spell: Mephitic Cloud
 22196 | D:11     | Noticed Erolcha
 22206 | D:11     | Killed Erolcha
 22206 | D:11     | Reached XP level 15. HP: 110/110 MP: 14/18
 22294 | D:11     | Found a labyrinth entrance.
 22303 | Lab      | Entered a labyrinth
 22549 | Lab      | Got a ring of the Octopus King
 22551 | Lab      | Identified a ring of the Octopus King {AC+1 EV+1 Str+1 Int+1 Dex+1 Stlth+} (You found it in a labyrinth)
 22726 | Lab      | Reached skill level 5 in Evocations
 22987 | D:11     | Noticed Erica
 22996 | D:11     | Killed Erica
 23328 | D:12     | Reached skill level 15 in Axes
 24362 | Lair:3   | Got a scorched dagger
 24383 | Lair:3   | Received a gift from Okawaru
 24618 | Lair:6   | Reached skill level 16 in Dodging
 24756 | Lair:6   | Noticed Maud
 24771 | Lair:6   | Killed Maud
 24903 | Lair:7   | Found a runed door.
 24906 | Lair:7   | Found a viscous altar of Jiyva.
 24906 | Lair:7   | Noticed an acid blob
 24907 | Lair:7   | Found a staircase to the Slime Pits.
 24907 | Lair:7   | Noticed an acid blob
 24907 | Lair:7   | Noticed an acid blob
 25062 | Lair:6   | Received a gift from Okawaru
 26103 | Lair:7   | Reached XP level 16. HP: 84/117 MP: 17/19
 26629 | Lair:7   | Reached skill level 17 in Axes
 27219 | Lair:8   | Entered Level 8 of the Lair of Beasts
 27243 | Lair:8   | Received a gift from Okawaru
 27461 | Lair:8   | Reached skill level 1 in Throwing
 27672 | Lair:8   | Identified the +10 dagger "Wadim" {venom, *Corrode rF+++ Dex+8} (You found it on level 3 of the Lair of Beasts)
 27992 | Lair:8   | Received a gift from Okawaru
 28975 | Snake:1  | Entered Level 1 of the Snake Pit
 28990 | Lair:4   | Reached XP level 17. HP: 51/122 MP: 20/20
 28991 | Lair:4   | Reached skill level 1 in Spellcasting
 29408 | Swamp:1  | Entered Level 1 of the Swamp
 29423 | Swamp:1  | Got a shimmering leather armour
 29424 | Swamp:1  | Identified the cursed +0 leather armour of Starshine {-Tele Str+3 Int+2} (You found it on level 1 of the Swamp)
 29450 | Swamp:1  | Learned a level 2 spell: Song of Sleighing
 29580 | Swamp:1  | Received a gift from Okawaru
 29773 | Swamp:1  | Reached skill level 1 in Charms
 32537 | D:14     | Learned a level 3 spell: Regeneration
 32756 | D:14     | You fall through a shaft!
 32756 | D:15     | Entered Level 15 of the Dungeon
 32810 | D:15     | Reached skill level 5 in Charms
 33068 | D:15     | Gained mutation: You have sharp fingernails. [potion of beneficial mutation]
 33069 | D:15     | Gained mutation: You are covered in fur (AC +1). [potion of beneficial mutation]
 33168 | D:15     | Found an opulent altar of Gozag.
 33202 | D:15     | Learned a level 1 spell: Summon Butterflies
 33340 | D:15     | Found a staircase to the Depths.
 33699 | D:14     | Found a gate to the Vaults.
 34498 | Swamp:2  | Received a gift from Okawaru
 34539 | Swamp:2  | Reached skill level 1 in Necromancy
 34614 | Swamp:2  | Reached XP level 18. HP: 127/129 MP: 24/24
 34768 | Swamp:2  | Noticed Roxanne
 35746 | Swamp:3  | Reached skill level 18 in Axes
 36460 | Swamp:4  | Entered Level 4 of the Swamp
 36516 | Swamp:4  | Noticed Donald
 36541 | Swamp:4  | Killed Donald
 36542 | Swamp:4  | Reached skill level 5 in Armour
 36615 | Swamp:4  | Received a gift from Okawaru
 37143 | Swamp:4  | Got a bloodstained hat
 37144 | Swamp:4  | Identified the +0 hat of Pride {rElec} (You acquired it on level 4 of the Swamp)
 37372 | Swamp:4  | Noticed a bone dragon
 38560 | Snake:2  | Received a gift from Okawaru
 38563 | Snake:2  | Reached XP level 19. HP: 134/134 MP: 23/25
 38615 | Snake:2  | Reached skill level 10 in Armour
 39071 | Snake:2  | Received a gift from Okawaru
 39088 | Snake:2  | Got an encrusted battleaxe {god gift}
 39089 | Snake:2  | Identified the +1 battleaxe of Revolt {drain, rPois rF+} (Okawaru gifted it to you on level 2 of the Snake Pit)
 39268 | Snake:3  | Found Roys's Gadget Boutique.
 39277 | Snake:3  | Found a burning altar of Makhleb.
 39822 | Snake:4  | Entered Level 4 of the Snake Pit
 40445 | Elf:1    | Entered Level 1 of the Elven Halls
 40452 | Elf:1    | Received a gift from Okawaru
 40612 | Elf:1    | Cast into level 3 of the Abyss (a deep elf sorcerer)
 40643 | Abyss:4  | Noticed a lich
 40649 | Abyss:4  | Killed a lich
 40660 | Abyss:4  | Got an abyssal rune of Zot
 40663 | Abyss:4  | Noticed a lich
 40681 | Abyss:4  | Noticed a tentacled monstrosity
 40753 | Abyss:4  | Noticed a lich
 40764 | Abyss:4  | Killed a lich
 40816 | Abyss:4  | Received a gift from Okawaru
 40941 | Abyss:4  | Reached skill level 10 in Charms
 40950 | Abyss:4  | Noticed a bone dragon
 40966 | Elf:1    | Escaped the Abyss
 41118 | Elf:1    | Reached XP level 20. HP: 141/141 MP: 26/26
 41165 | Elf:1    | Learned a level 2 spell: Shroud of Golubria
 41379 | Elf:1    | Noticed a Brimstone Fiend
 41939 | Elf:2    | Upgraded the game from 0.18-a0-916-gc496e2e to 0.18-a0-918-g58938db
 42029 | Elf:2    | Found a runed gate.
 42029 | Elf:2    | Found a runed gate.
 42029 | Elf:2    | Found a runed gate.
 42083 | Elf:2    | Reached skill level 19 in Axes
 42091 | Elf:2    | Gained mutation: Your body sometimes deteriorates upon taking damage. [a neqoxec]
 43172 | Elf:3    | Entered Level 3 of the Elven Halls
 43206 | Elf:3    | Received a gift from Okawaru
 43323 | Elf:3    | Reached skill level 10 in Fighting
 43560 | D:7      | Fell from the grace of Okawaru
 43560 | D:7      | Became a worshipper of Ashenzari the Shackled
 43783 | Vaults:1 | Entered Level 1 of the Vaults
 43787 | Vaults:1 | Noticed Saint Roka
 43903 | Vaults:1 | Found Gozag's Antique Weapon Emporium.
 43935 | Vaults:1 | Reached skill level 5 in Stealth
 44062 | Vaults:1 | Found an opulent altar of Gozag.
 44062 | Vaults:1 | Found Gozag's Antique Weapon Shoppe.
 44070 | Vaults:1 | Found Gozag's Antique Weapon Shoppe.
 44090 | Vaults:1 | Reached XP level 21. HP: 143/153 MP: 27/27
 45486 | Vaults:1 | Reached skill level 5 in Spellcasting
 45794 | Vaults:1 | HP: 4/153 [titan[the fury of Okawaru] (31)]
 46183 | Depths:1 | Entered Level 1 of the Depths
 46780 | D:14     | Identified the +7 rapier "Tuquakie" {pierce, rN+} (Okawaru gifted it to you on level 3 of the Lair of Beasts)
 46780 | D:14     | Identified the +9 arbalest "Ylis" {velocity, rF- Int+4 Dex+4} (Okawaru gifted it to you on level 6 of the Lair of Beasts)
 46780 | D:14     | Identified the +10 hunting sling "Killer Bee's Regret" {venom, rPois Str+6 Dex+4} (Okawaru gifted it to you on level 4 of the Swamp)
 48685 | Vaults:2 | Reached * piety under Ashenzari
 48865 | Vaults:2 | Reached skill level 5 in Necromancy
 48865 | Vaults:2 | HP: 5/153 [something (22)]
 49998 | Vaults:2 | Killed Saint Roka
 50198 | Vaults:2 | Found a staircase to the Crypt.
 50262 | Vaults:2 | Reached ** piety under Ashenzari
 51085 | Vaults:1 | Slain by a frost giant

Vault maps used:
D:1:      evilmike_arrival_run_for_it, serial_forest,
          infiniplex_forest_clump_large, infiniplex_forest_clump_double,
          infiniplex_forest_clump_small, infiniplex_forest_end_3,
          infiniplex_forest_clump_tiny, infiniplex_forest_zigzag_1,
          infiniplex_forest_straight_1, infiniplex_forest_straight_4,
          infiniplex_forest_lined_room_, minmay_misc_feat_pillars,
          kennysheep_pointless_box
D:2:      kennysheep_another_room
D:3:      ecumenical_altar_1
D:4:      first_bread
D:5:      xom_butterflies, lemuel_zombie_altar_yredelemnul,
          portal_sewer_entry_e, uniq_duvessa
D:7:      grunt_temple_overflow_open, minmay_temple_entry_grid, serial_shops,
          shop
D:8:      lemuel_crystal_altar, lair_0_dummy, david_nohive_1
D:9:      serial_shops, nicolae_shop_crystal
D:10:     kennysheep_orc_monster_closet_entryway, basic_altar, minivault_28,
          uniq_fannar
D:11:     lab_entry_generic, nicolae_lava_and_water, grunt_ministairs_9,
          uniq_erica, uniq_erolcha
D:12:     minivault_23
D:13:     serial_bayou_pond_e, fungi_pond_lemuel
D:14:     david_vaults_4, minmay_misc_feat_square, minivault_23
D:15:     grunt_enter_depths_snipers, nicolae_gozag_seed_capital
Lair:2:   nicolae_volcano_entry_hallway, beast_lair_carwin_9,
          infiniplex_staircase_pool, uniq_urug
Lair:3:   swamp_mist, grunt_forest_large_clearings, uniq_harold
Lair:4:   dummy_snake_entry, minivault_29, serial_bayou_shore_a,
          grunt_megastairs_4
Lair:6:   serial_bayou_shore_b, lemuel_fruit_tree, lemuel_fruit_fields,
          grunt_megastairs_2, uniq_maud
Lair:7:   slime_altar_2, portal_ice_cave_entry_animals_and_master, worms_lemuel,
          grunt_megastairs_1
Lair:8:   minmay_lair_end_enchanted_forest, eino_house_with_fridge
Swamp:1:  nicolae_swamp_treefoil
Swamp:2:  evilmike_swamp_ruin_rubble_1, swamp_pool1, uniq_roxanne
Swamp:3:  evilmike_swamp_ruin_house_2, swamp_pool5
Swamp:4:  swamp_pestilence, uniq_donald
Snake:2:  serial_bayou_lagoon_b
Snake:3:  serial_shops, shop, basic_altar
Snake:4:  snake_pit, nrook_guardian_serpent_ordinary
Orc:1:    serial_shops, shop, enter_bailey_2, basic_altar, minmay_orc_temple_a
Orc:2:    pubby_orc_utopia
Elf:1:    elf_arrival_002, hangedman_corner_corridor
Elf:3:    elf_hall, uniq_nikola
Vaults:1: nicolae_vaults_theta, v_misc_19, v_misc_12, vaults_dpeg_ring,
          hangedman_vaults_snaps, hangedman_vaults_hat,
          kennysheep_vaults_gozag_temple, vaults_room_octagon,
          vaults_mumra_hexcomb, vaults_dpeg_doors, hangedman_vaults_restitches,
          dpeg_vaults_monster_box, nicolae_vaults_little_squares_5,
          uniq_saint_roka
Vaults:2: hangedman_vaults_stagger, ontoclasm_vaults_hangar,
          nicolae_vaults_diagonal_hallway_7, hangedman_vaults_restitches,
          vaults_room_hallway, vaults_room_stairs_pillars,
          nicolae_vaults_asterisk, nicolae_vaults_theta, dummy_crypt_entry
Depths:1: rand_demon_pan_entry_5, grunt_decor_cap, hell_entry, abyss_entry,
          serial_shops, nicolae_shop_statue_plus, st_stairs_7,
          lemuel_freeze_loot_1
Abyss:3:  evilmike_abyss_rune_tentacle_tunnel
Abyss:4:  hangedman_abyss_feature_spike, onia_ninara_dug_in_and_dangerous,
          due_abyss_rune, due_exit_kobolds
Lab:      labyrinth_watery, nicolae_lab_dead_end, nicolae_lab_blocks,
          nicolae_lab_plus
Bailey:   bailey_axe_4, bailey

Action                   |  1- 3 |  4- 6 |  7- 9 | 10-12 | 13-15 | 16-18 | 19-21 || total
-------------------------+-------+-------+-------+-------+-------+-------+-------++-------
Melee: Spear             |   111 |   142 |   179 |       |       |       |       ||   432
       Trident           |       |       |   321 |  1767 |       |       |       ||  2088
       Executioner's axe |       |       |       |    65 |   980 |  1423 |  1767 ||  4235
Throw: Throwing net      |       |       |     1 |     1 |       |       |       ||     2
       Javelin           |       |       |       |     1 |       |    62 |       ||    63
       Tomahawk          |       |       |       |       |       |    37 |       ||    37
 Cast: Repel Missiles    |       |       |       |       |       |     7 |    26 ||    33
       Regeneration      |       |       |       |       |       |    14 |    98 ||   112
       Song of Sleighing |       |       |       |       |       |     4 |    37 ||    41
       Summon Butterflie |       |       |       |       |       |       |     3 ||     3
       Shroud of Golubri |       |       |       |       |       |       |     3 ||     3
Invok: Heroism           |       |     1 |    12 |    26 |    28 |    41 |    10 ||   118
       Finesse           |       |       |       |       |       |     1 |       ||     1
 Abil: Evoke Flight      |       |       |       |       |     4 |       |       ||     4
       Evoke Blink       |       |       |       |       |       |    45 |    17 ||    62
       Evoke Invisibilit |       |       |       |       |       |     1 |       ||     1
Evoke: Wand              |       |       |     7 |     7 |    11 |    18 |     9 ||    52
       Fan of gales      |       |       |       |       |       |     2 |     2 ||     4
       Phial of floods   |       |       |       |       |       |       |     2 ||     2
  Use: Scroll            |     5 |     7 |     3 |    13 |    14 |    28 |    30 ||   100
       Potion            |       |     2 |     1 |     9 |     3 |     8 |    17 ||    40
 Stab: Sleeping          |    11 |     7 |     2 |    13 |    38 |    26 |    25 ||   122
       Distracted        |       |     1 |     1 |     5 |     7 |    15 |    10 ||    39
  Eat: Chunk             |       |     3 |     5 |    19 |    35 |     8 |     7 ||    77
       Pizza             |       |     1 |     1 |     2 |     1 |     3 |     2 ||    10
       Meat ration       |       |     1 |     1 |       |     1 |     3 |     9 ||    15
       Fruit             |       |       |     3 |     7 |     7 |    15 |       ||    32
       Beef jerky        |       |       |       |     1 |     1 |     3 |     2 ||     7
       Royal jelly       |       |       |       |       |     1 |       |     2 ||     3
       Bread ration      |       |       |       |       |       |     1 |       ||     1
